 Dungeon Crawl Stone Soup version 0.32-a0-898-g7811c86cf0 (webtiles) character file.

Game seed: 3493094473686437005

16088 GiantSquids the Severer (level 12, -1/104 HPs)
             Began as a Mountain Dwarf Fighter on Apr 5, 2024.
             Was a Priest of Makhleb.
             Slain by a reaper
             ... wielding a -4 scythe of freezing
              (11 damage)
             ... in an ice cave.
             The game lasted 00:28:34 (12091 turns).

GiantSquids the Severer (Mountain Dwarf Fighter)   Turns: 12091, Time: 00:28:35

Health: -1/104     AC: 21    Str: 22    XL:     12   Next: 7%
Magic:  19/19      EV:  6    Int:  9    God:    Makhleb [***...]
Gold:   832        SH:  0    Dex: 12    Spells: 11/11 levels left

rFire   + + +        d - +5 battleaxe (freeze)
rCold   + . .        (shield currently unavailable)
rNeg    + + +        N - +0 plate armour
rPois   .            y - +1 helmet
rElec   +            G - +0 cloak
rCorr   .            F - +2 pair of gloves
SInv    .            (no boots)
Will    ++...        B - amulet of regeneration Stlth
                     T - ring of the Death Scarab {rC+ rN+ Dex+3 Slay+4}
HPRegen 1.17/turn    X - ring of the Gastropod {rElec rF+++ rN+++ Will+ Str-2}
MPRegen 0.16/turn

%: no passive effects
@: studying Polearms
A: runic magic, artefact enchanting
a: Renounce Religion, Minor Destruction, Lesser Servant of Makhleb


You were in an ice cave.
You worshipped Makhleb.
Makhleb was most pleased with you.
You visited 2 branches of the dungeon, and saw 12 of its levels.
You also visited: Trove, Sewer and Ice Cave.

You collected 884 gold pieces.
You spent 52 gold pieces at shops.

Inventory:

Hand Weapons
 d - a +5 battleaxe of freezing (weapon)
Missiles
 i - 15 boomerangs
 L - 5 curare-tipped darts
Armour
 y - a +1 helmet (worn)
 F - a +2 pair of gloves (worn)
 G - a +0 cloak (worn)
 N - a +0 plate armour (worn)
Jewellery
 f - the ring "Cinlom" {rPois rC+ rCorr Int-3 Dex-2}
   (You found it in a treasure trove)

   [ring of protection from cold]

   Int-3:     It affects your intelligence (-3).
   Dex-2:     It affects your dexterity (-2).
   rC+:       It protects you from cold.
   rPois:     It protects you from poison.
   rCorr:     It protects you from acid and corrosion.
 s - the ring of Iphakuif {+Blink rPois rCorr Dex+6}
   (You found it in a treasure trove)

   [ring of dexterity]

   Dex+6:     It affects your dexterity (+6).
   rPois:     It protects you from poison.
   +Blink:    It lets you blink.
   rCorr:     It protects you from acid and corrosion.
 A - a ring of positive energy
 B - an amulet of regeneration (around neck)
 I - a ring of poison resistance
 R - the ring of Cylaogof {*Slow Fly Str+4 Int+6}
   (You found it in a treasure trove)

   [ring of flight]

   Str+4:     It affects your strength (+4).
   Int+6:     It affects your intelligence (+6).
   Fly:       It grants you flight.
   *Slow:     It may slow you when you take damage.
 T - the ring of the Death Scarab (left hand) {rC+ rN+ Dex+3 Slay+4}
   (You found it in a treasure trove)

   [ring of slaying]

   Dex+3:     It affects your dexterity (+3).
   Slay+4:    It affects your accuracy & damage with ranged weapons and melee
   (+4).
   rC+:       It protects you from cold.
   rN+:       It protects you from negative energy.
 V - a ring of see invisible
 X - the ring of the Gastropod (right hand) {rElec rF+++ rN+++ Will+ Str-2}
   (You found it in a treasure trove)

   [ring of willpower]

   Str-2:     It affects your strength (-2).
   rF+++:     It renders you almost immune to fire.
   rElec:     It insulates you from electricity.
   rN+++:     It renders you almost immune to negative energy.
   Will+:     It increases your willpower.
Wands
 H - a wand of flame (31) (quivered)
 J - a wand of digging (6)
 O - a wand of warping (4)
 P - a wand of mindburst (8)
 Q - a wand of charming (4)
Scrolls
 c - 2 scrolls of immolation
 j - 6 scrolls of enchant armour
 l - 2 scrolls of enchant weapon
 m - 2 scrolls of fog
 n - 3 scrolls of teleportation
 o - a scroll of revelation
 p - 3 scrolls of amnesia
 r - 3 scrolls of poison {unknown}
 v - a scroll of brand weapon
 w - a scroll of fear
Potions
 g - 5 potions of heal wounds
 h - 3 potions of curing {unknown}
 k - 2 potions of berserk rage {unknown}
 q - 3 potions of lignification {unknown}
 z - 3 potions of mutation
 C - 3 potions of brilliance {unknown}
 D - 2 potions of ambrosia
 E - 2 potions of attraction {unknown}
 K - a potion of cancellation {unknown}
 M - a potion of enlightenment


   Skills:
 + Level 9.2 Fighting
 + Level 17.1 Axes
 + Level 9.2 Armour
 - Level 3.2 Shields
 + Level 10.1 Invocations


You had 11 spell levels left.
You didn't know any spells.
Your spell library contained the following spells:

 Spells                   Type           Power      Damage    Failure   Level
 Necrotise                Necr           0%         1d4       61%         1
 Sting                    Conj/Alch      0%         1d3       61%         1
 Summon Small Mammal      Summ           0%         N/A       61%         1
 Ensorcelled Hibernation  Hex/Ice        0%         N/A       75%         2
 Mercury Vapours          Alch/Air       0%         N/A       75%         2
 Call Canine Familiar     Summ           0%         N/A       93%         3
 Maxwell's Portable Pile  Tloc           0%         2d(5-13)  93%         3
 Passwall                 Erth           0%         N/A       93%         3
 Summon Ice Beast         Ice/Summ       0%         N/A       93%         3
 Swiftness                Air            0%         N/A       93%         3
 Volatile Blastmotes      Fire/Tloc      0%         2d10      93%         3
 Fulminant Prism          Conj/Alch      0%         3d5       100%        4
 Iskenderun's Mystic Bla Conj/Tloc 0%             2d3        (+2d1     100%        4
 Olgreb's Toxic Radiance  Alch           0%         N/A       100%        4
 Summon Blazeheart Golem  Fire/Summ      0%         N/A       100%        4
 Arcjolt                  Conj/Air       0%         1d10      100%        5
 Summon Mana Viper        Hex/Summ       0%         N/A       100%        5
 Dispersal                Tloc           0%         N/A       100%        6
 Gell's Gavotte           Tloc           0%         2d(11-16) 100%        6
 Manifold Assault         Tloc           0%         N/A       100%        7
 Monstrous Menagerie      Summ           0%         N/A       100%        7
 Disjunction              Tloc           0%         N/A       100%        8
 Maxwell's Capacitive Co  Air            0%         ∞         100%        8


Dungeon Overview and Level Annotations

Branches:
Dungeon (11/15)            Temple (1/1) D:6            Lair (0/5) D:9
    Orc (0/2) D:9           Sewer (visited)           IceCv (1/1)

Altars:
Ashenzari
Cheibriados
Dithmenos
Elyvilon
Fedhas
Gozag
Hepliaklqana
Kikubaaqudgha
Makhleb
Nemelex Xobeh
Okawaru
Qazlal
Ru
Sif Muna
Trog
Uskayaw
Vehumet
Wu Jian
Xom
Yredelemnul
Zin
The Shining One

Shops:
D:2 *   D:3 *

Annotations:
Temple 2 transporters


Innate Abilities, Weirdness & Mutations

Your spellcasting is much less encumbered by armour.
You can use scrolls of enchantment on lesser artefacts.


Message History

You hit the ice devil but do no damage.
The reaper hits you from afar with a -4 scythe of freezing!
The reaper freezes you.
The ice devil hits you but does no damage.
The ice devil closely misses you.
You slice the ice devil!!
You kill the ice devil!
Makhleb accepts your kill.
You feel better.
You hit the ice devil. You slice the troll simulacrum!!
The troll simulacrum vaporises!
Makhleb accepts your kill.
You feel better.
You barely miss the ice devil.
The reaper hits you from afar with a -4 scythe of freezing!
The reaper drags you backwards!
You slice the reaper!!
The reaper is moderately wounded.
You slash the ice devil!
You are engulfed in freezing vapours.
You resist.
The reaper hits you with a -4 scythe of freezing!!
The reaper drags you backwards! The reaper freezes you.
Found a thin glowing staff and a war axe.
You slice the reaper!!
The reaper is heavily wounded.
You slice the ice devil!! You slash the ice devil!
You are engulfed in freezing vapours.
You resist. The reaper closely misses you.
The ice devil hits you but does no damage. x2
You slice the reaper!!
The reaper is severely wounded.
You slash the ice devil! You slice the ice devil!!
You are engulfed in freezing vapours.
You resist.
The reaper hits you with a -4 scythe of freezing!!
* * * LOW HITPOINT WARNING * * *
The reaper drags you backwards! The reaper freezes you.
* * * LOW HITPOINT WARNING * * *
You slash the reaper!
The reaper is almost dead.
You slash the ice devil!
The reaper hits you with a -4 scythe of freezing!
You die...

####..###....... #
#.[##..#.....#.# .#
#..)##☼§.§§.##.#..##
....###☼.○###..#...#
....# #§#§#........##
...## #°°§#.........#
# .#.##
#...#...####..#.)#
##..#
#...............|#
#...###..#○§..44@2..#
....#≈#..##§§#.#..#.#
.#...≈≈§§○#§##☼#..#
.#..#≈≈#§§§.#.§##..#
##..##≈##§.##.☼○ .##
##..####..§..§° ##
#...## ##.#.#☼°#
##...# ...☼## ##..##


You could see a reaper and 2 ice devils.

Vanquished Creatures
  4 two-headed ogres
  Sonja (D:10)
  An ugly thing (D:7)
  A cyclops (D:11)
  Joseph (D:8)
  A gargoyle (D:10)
  2 ice statues (IceCv)
  Maggie (D:6)
  5 ice devils (IceCv)
  2 komodo dragons
  4 trolls
  Grinder (D:6)
  Prince Ribbit (D:5)
  A shadow (D:10)
  A vampire (D:10)
  11 yaks
  2 wyverns
  A steam dragon (D:10)
  A harpy simulacrum (IceCv)
  2 water moccasins
  An acid dragon (D:10)
  4 ice beasts
  3 black bears (D:9)
  4 orc warriors
  3 ogres
  4 centaurs
  3 kobold brigands
  2 phantoms
  A brain worm (Sewer)
  7 bullfrogs
  A two-headed ogre simulacrum (IceCv)
  A cane toad simulacrum (IceCv)
  4 scorpions
  16 wights
  5 killer bees (D:8)
  An elephant simulacrum (IceCv)
  3 howler monkeys
  5 electric eels (D:9)
  2 bombardier beetles
  3 jellies
  Crazy Yiuf (D:4)
  A gnoll bouda (D:8)
  A hound (D:6)
  2 sleepcaps
  Jessica (D:3)
  Ijyb (D:5)
  6 orc wizards
  2 iguanas
  2 troll simulacra (IceCv)
  2 spriggan simulacra (IceCv)
  A polar bear simulacrum (IceCv)
  A wolf simulacrum (IceCv)
  14 gnolls
  11 adders
  4 river rats
  A shadow imp (D:5)
  5 white imps
  6 ufetubi
  A ribbon worm (D:2)
  5 dart slugs
  24 orcs
  4 endoplasms
  3 giant cockroaches
  6 goblins
  3 hobgoblins
  4 jackals
  11 kobolds
  4 quokkas
  11 ball pythons
  13 bats
  2 frilled lizards
  5 rats
275 creatures vanquished.

Notes
Turn   | Place    | Note
-------+----------+-------------------------------------------
     0 | D:1      | GiantSquids the Mountain Dwarf Fighter began the quest for
                  | the Orb.
     0 | D:1      | Reached XP level 1. HP: 19/19 MP: 1/1
   145 | D:1      | Found a faded altar of an unknown god.
   153 | D:1      | Got Plato's Discourse on the Catacomb
   351 | D:1      | Reached skill level 3 in Axes
   511 | D:1      | Reached XP level 2. HP: 25/26 MP: 2/2
   999 | D:2      | Reached skill level 4 in Axes
  1246 | D:2      | Reached XP level 3. HP: 31/31 MP: 3/3
  1603 | D:2      | Found Exe Caed's General Store.
  1608 | D:2      | Bought 2 scrolls of identify for 52 gold pieces
  1875 | D:3      | Noticed Jessica
  1882 | D:3      | Killed Jessica
  1883 | D:3      | Reached skill level 5 in Axes
  1883 | D:3      | Reached XP level 4. HP: 31/38 MP: 4/4
  1884 | D:3      | Found a shimmering blue altar of Sif Muna.
  1952 | D:3      | Found a glowing drain.
  1991 | D:3      | Reached skill level 6 in Axes
  2055 | Sewer    | Entered a sewer
  2229 | Sewer    | Reached XP level 5. HP: 44/45 MP: 5/5
  2332 | Sewer    | Reached skill level 7 in Axes
  2497 | Sewer    | Reached XP level 6. HP: 51/51 MP: 6/6
  2892 | D:3      | Found a bloodstained altar of Trog.
  2927 | D:3      | Found Wila's Assorted Antiques.
  2987 | D:3      | Reached skill level 8 in Axes
  3108 | D:3      | Found an ornate altar of the Wu Jian Council.
  3622 | D:4      | Found a radiant altar of Vehumet.
  3748 | D:4      | Reached skill level 9 in Axes
  4093 | D:4      | Found a runed translucent door.
  4094 | D:4      | Noticed Crazy Yiuf
  4302 | D:4      | Found a sparkling altar of Nemelex Xobeh.
  4412 | D:4      | Reached XP level 7. HP: 57/57 MP: 7/7
  4845 | D:4      | Killed Crazy Yiuf
  5064 | D:5      | Entered Level 5 of the Dungeon
  5110 | D:5      | Reached skill level 10 in Axes
  5118 | D:5      | Noticed Prince Ribbit
  5136 | D:5      | Killed Prince Ribbit
  5373 | D:5      | Reached skill level 11 in Axes
  5392 | D:5      | Reached XP level 8. HP: 59/63 MP: 8/8
  5761 | D:5      | Noticed Ijyb
  5772 | D:5      | Killed Ijyb
  5849 | D:5      | Reached skill level 12 in Axes
  6049 | D:6      | HP: 2/63 [poisoned by an orc wizard]
  6184 | D:6      | Reached skill level 13 in Axes
  6469 | D:6      | Found a glowing silver altar of Zin.
  6498 | D:6      | Noticed Grinder
  6516 | D:6      | Killed Grinder
  6517 | D:6      | Reached skill level 14 in Axes
  6517 | D:6      | Reached XP level 9. HP: 46/70 MP: 9/9
  6664 | D:6      | Noticed Maggie
  6683 | D:6      | Killed Maggie
  6961 | D:6      | Found a staircase to the Ecumenical Temple.
  6967 | Temple   | Found a transporter.
  6967 | Temple   | Found a transporter.
  6967 | Temple   | Found a transporter.
  6967 | Temple   | Found a transporter.
  6967 | Temple   | Entered the Ecumenical Temple
  6985 | Temple   | Became a worshipper of Makhleb the Destroyer
  7059 | D:6      | Reached skill level 1 in Invocations
  7189 | D:6      | Found an ancient bone altar of Kikubaaqudgha.
  7322 | D:6      | Found an opulent altar of Gozag.
  7674 | D:7      | Reached skill level 15 in Axes
  7900 | D:7      | Noticed a komodo dragon
  7901 | D:7      | Noticed a purple ugly thing
  7908 | D:7      | Killed a komodo dragon
  7914 | D:7      | Killed a purple ugly thing
  7915 | D:7      | Reached skill level 5 in Fighting
  7915 | D:7      | Reached skill level 5 in Armour
  7915 | D:7      | Reached XP level 10. HP: 44/81 MP: 11/13
  8229 | D:7      | Reached * piety under Makhleb
  8238 | D:7      | Reached skill level 5 in Invocations
  8718 | D:8      | Noticed a two-headed ogre
  8729 | D:8      | Killed a two-headed ogre
  9234 | D:8      | Noticed Joseph
  9242 | D:8      | Reached ** piety under Makhleb
  9254 | D:8      | Killed Joseph
  9476 | D:9      | Found a snail-covered altar of Cheibriados.
  9680 | D:9      | Reached skill level 16 in Axes
  9680 | D:9      | Found a staircase to the Lair.
  9702 | D:9      | Reached XP level 11. HP: 85/92 MP: 16/16
  9929 | D:9      | Found an iron altar of Okawaru.
  9962 | D:9      | Found a sacrificial altar of Ru.
  9986 | D:9      | Noticed a two-headed ogre
 10000 | D:9      | Killed a two-headed ogre
 10114 | D:9      | Found a hazy altar of Hepliaklqana.
 10150 | D:9      | Found a basalt altar of Yredelemnul.
 10241 | D:9      | Found a glowing golden altar of the Shining One.
 10261 | D:9      | Found a staircase to the Orcish Mines.
 10595 | D:10     | Entered Level 10 of the Dungeon
 10714 | D:10     | Found a broken altar of Ashenzari.
 11223 | D:10     | Noticed a two-headed ogre
 11231 | D:10     | Killed a two-headed ogre
 11234 | D:10     | Reached *** piety under Makhleb
 11288 | D:10     | Noticed Sonja
 11297 | D:10     | Killed Sonja
 11320 | D:10     | Noticed a two-headed ogre
 11333 | D:10     | Killed a two-headed ogre
 11623 | D:10     | Found a portal to a secret trove of treasure.
 11627 | D:10     | You paid a toll of 5 scrolls of fear to enter a treasure
                  | trove
 11628 | Trove    | Entered a treasure trove
 11632 | Trove    | Identified the ring of Cylaogof {*Slow Fly Str+4 Int+6}
 11636 | Trove    | Identified the ring of the Death Scarab {rC+ rN+ Dex+3
                  | Slay+4}
 11644 | Trove    | Identified the ring of the Gastropod {rElec rF+++ rN+++
                  | Will+ Str-2}
 11648 | Trove    | Identified the amulet "Puka" {Acrobat Harm rC+}
 11650 | Trove    | Identified the ring of Roryam {Ice Stlth+}
 11654 | Trove    | Identified the ring of Iphakuif {+Blink rPois rCorr Dex+6}
 11655 | Trove    | Identified the ring "Cinlom" {rPois rC+ rCorr Int-3 Dex-2}
 11826 | D:11     | Found a frozen archway.
 11843 | IceCv    | Entered an ice cave
 11925 | IceCv    | Reached skill level 17 in Axes
 11977 | IceCv    | Reached XP level 12. HP: 91/104 MP: 19/19
 12025 | IceCv    | Reached skill level 10 in Invocations
 12080 | IceCv    | Noticed a reaper
 12091 | IceCv    | Slain by a reaper

Illustrated notes

Levels and vault maps discovered:
D:1:      lemuel_arrival_rhombus, layout_basic,
          shapermc_ecumenical_altar_rom_forum, minivault_4
D:2:      layout_loops_corners, serial_shops, shop, nicolae_elevator_lobby_plus
D:3:      cheibrodos_old_hovel, layout_loops_ring,
          nicolae_overflow_crystal_walls, overflow_temple_1_default, tgw_sif,
          serial_shops, nicolae_shop_overgrown_old_shop, portal_sewer_entry_c
D:4:      layout_layer_cave, overflow_temple_1_default,
          mainiacjoe_overflow_cross_hatched, uniq_crazy_yiuf_cottage
D:5:      layout_gridville, dk_vineyard_2, minmay_hedge_maze, uniq_ijyb,
          uniq_prince_ribbit1
D:6:      layout_basic, zin_treasury, mainiacjoe_overflow_paths,
          grunt_gozag_statues, minmay_temple_entry_glassed_door, uniq_maggie,
          uniq_grinder
D:7:      layout_rooms, minmay_manual_monolith
D:8:      layout_gridville, uniq_joseph
D:9:      layout_big_octagon, lemuel_round_altar, nicolae_tso_carved_into_rock,
          kennysheep_mini, kennysheep_little_box, okawaru_trees_1, slow_altar_1,
          due_lair_maze_entry_diamond, serial_bayou_lake_a
D:10:     layout_rooms, cheibrodos_ashenzari_chains, enter_trove_6,
          hangedman_corner_corridor, uniq_sonja
D:11:     layout_cave_pools, biasface_ghost_orc_armoury,
          portal_ice_cave_entry_pillars_1, minmay_misc_feat_x
Temple:   hellmonk_temple_divided_pantheon
IceCv:    ice_cave_small_demon

Skill      XL: |  1  2  3  4  5  6  7  8  9 10 11 12 |
---------------+-------------------------------------+-----
Axes           | 3 4 5 6 7 9 11 14 15 16 17 | 17.1
Invocations    | 4 7 9 10 | 10.1
Fighting       | 5 7 9 |  9.2
Armour         | 5 7 9 |  9.2
Shields        | |  3.2

Action                     |  1- 3 |  4- 6 |  7- 9 | 10-12 || total
---------------------------+-------+-------+-------+-------++-------
  Melee: War axe           |    82 |   175 |   166 |       ||   423
         Battleaxe         |       |       |    90 |   337 ||   427
  Throw: Stone             |       |       |       |     1 ||     1
  Evoke: Wand              |       |       |       |     9 ||     9
    Use: Potion            |       |     2 |     3 |       ||     5
         Scroll            |       |     2 |     4 |     6 ||    12
 Armour: Scale mail        |    62 |   128 |   127 |       ||   317
         Acid dragon scale |       |       |    53 |   176 ||   229
         Plate armour      |       |       |       |   124 ||   124
  Dodge: Dodged            |    18 |    81 |    88 |   113 ||   300
  Block: Buckler           |    42 |   118 |    87 |       ||   247
         Reflection        |     1 |     4 |     6 |     2 ||    13
         Other             |       |       |    13 |    53 ||    66

Table legend: (Time is in decaauts)
 A = Elapsed time spent in this place.
 B = Non-inter-level travel time spent in this place.
 C = Inter-level travel time spent in this place.
 D = Time resting spent in this place.
 E = Time spent auto-exploring this place.
 F = Levels seen in this place.
 G = Mean time per level.
                   A        B        C        D        E       F      G
               +--------+--------+--------+--------+--------+-----+--------+
         Total |  12293 |  11840 |    453 |    964 |   8318 |  15 |  819.5 |
       Dungeon |  10995 |  10558 |    437 |    922 |   7691 |  11 |  999.5 |
        Temple |     36 |     20 |     16 |      0 |      0 |   1 |   36.0 |
         Trove |     61 |     61 |      0 |      0 |      0 |   1 |   61.0 |
         Sewer |    962 |    962 |      0 |      3 |    538 |   1 |  962.0 |
      Ice Cave |    237 |    237 |      0 |     39 |     89 |   1 |  237.0 |
               +--------+--------+--------+--------+--------+-----+--------+

Top non-repeatable levels by time:
     D:6: 1608 daAuts
     D:4: 1590 daAuts
    D:10: 1151 daAuts
     D:9: 1123 daAuts
     D:8: 1041 daAuts
     D:3: 1037 daAuts
   Sewer: 962 daAuts
     D:2: 961 daAuts
     D:1: 854 daAuts
     D:5: 827 daAuts
     D:7: 777 daAuts
   IceCv: 237 daAuts
   Trove: 61 daAuts
  Temple: 36 daAuts
    D:11: 22 daAuts
